 Dungeon Crawl Stone Soup version 0.18.1-48-g4cf74bf (webtiles) character file.

101670 Gargoyl the Protected (level 15, -1/138 HPs)
             Began as a Demonspawn Abyssal Knight on Sept 7, 2016.
             Was the Champion of Lugonu.
             Killed by drain life
             ... invoked by a soul eater
             ... summoned by a deep elf demonologist
              (4 damage)
             ... on level 1 of the Elven Halls.
             The game lasted 01:15:36 (32332 turns).

Gargoyl the Protected (Demonspawn Abyssal Knight)  Turns: 32332, Time: 01:15:36

Health: -1/138     AC: 32    Str: 25    XL:     15   Next: 84%
Magic:  18/19      EV: 10    Int: 20    God:    Lugonu [******]
Gold:   2080       SH: 17    Dex: 16    Spells: 0 memorised, 14 levels left

rFire  + . .     SeeInvis .     N - +2 broad axe (elec)
rCold  + + .     Gourm    .     C - +5 plate armour of Qeil {rElec rC+ Str+4}
rNeg   . . .     Faith    .     Y - +1 shield
rPois  +         Spirit   .     l - +2 helmet
rElec  +         Dismiss  .     i - +2 cloak
rCorr  +         Reflect  +     (gloves unavailable)
SustAt .         Harm     .     F - +0 pair of boots
MR     ++...     Clarity  +     y - +3 amulet of reflection
Stlth  ..........               b - ring of Beosutiu {Str+4 Int+4 Dex+4}
                                T - ring of resist corrosion

@: resistant, very slightly contaminated, hasted, very quick, very resistant to
hostile enchantments, extremely unstealthy
A: claws 3, rugged brown scales 2, clarity, magic resistance 1, mutation
resistance 1, powered by pain 1, robust 1, augmentation 2, rot immunity
a: Depart the Abyss, Bend Space, Banish, Corrupt, Enter the Abyss, Brand Weapon
With Distortion, Renounce Religion


You were on level 1 of the Elven Halls.
You worshipped Lugonu.
Lugonu was exalted by your worship.
You were very hungry.

You visited 5 branches of the dungeon, and saw 27 of its levels.
You visited the Abyss 1 time.
You also visited: Ossuary.

You collected 3363 gold pieces.
You spent 1283 gold pieces at shops.

Inventory:

Hand Weapons
 r - a +0 spear
 N - a +2 broad axe of electrocution (weapon)
Missiles
 f - 39 tomahawks (quivered)
Armour
 i - a +2 cloak (worn)
 l - a +2 helmet (worn)
 C - the +5 plate armour of Qeil (worn) {rElec rC+ Str+4}
   (You acquired it on level 2 of the Orcish Mines)

   It affects your strength (+4).
   It protects you from cold.
   It insulates you from electricity.
 F - a +0 pair of boots (worn)
 Y - a +1 shield (worn)
Jewellery
 b - the ring of Beosutiu (right claw) {Str+4 Int+4 Dex+4}
   (You bought it in a shop on level 2 of the Orcish Mines)

   [ring of intelligence]

   It affects your strength (+4).
   It affects your intelligence (+4).
   It affects your dexterity (+4).
 d - an uncursed ring of magical power
 k - an uncursed ring of protection from cold
 n - a +4 ring of intelligence
 t - the ring of Niyfyatt {Fire rPois, unknown}
   (You took it off a deep elf mage on level 1 of the Elven Halls)

   [ring of fire]

   It enhances your fire magic, and weakens your ice magic.
   It protects you from fire.
   It makes you vulnerable to cold.
   It protects you from poison.
 y - a +3 amulet of reflection (around neck)
 J - an uncursed ring of protection from fire
 T - a ring of resist corrosion (left claw)
Wands
 a - a wand of slowing (29/48)
 w - a wand of disintegration (21/24)
 B - a wand of flame (18/48)
 I - a wand of digging (13/24)
 M - a wand of iceblast (6/15)
 Q - a wand of lightning (8/15)
Scrolls
 e - 2 scrolls of magic mapping
 g - a scroll of identify
 h - a scroll of enchant armour
 A - 5 scrolls of recharging
 H - 10 scrolls of remove curse
 P - 2 scrolls of fear
 S - 2 scrolls of fog
Potions
 j - 6 potions of flight
 o - 4 potions of agility
 s - 2 potions of resistance
 u - 2 potions of might
 v - 2 potions of brilliance
 x - a potion of haste
Books
 D - a book of the Earth

   Spells                             Type                      Level
   a - Leda's Liquefaction            Hexes/Earth                  4
   b - Bolt of Magma                  Conjuration/Fire/Earth       5
   c - Statue Form                    Transmutation/Earth          6
   d - Iron Shot                      Conjuration/Earth            6
   e - Shatter                        Earth                        9
 L - the Disquisition on Displacement
   (You found it on level 6 of the Lair of Beasts)

   Spells                             Type                      Level
   a - Shroud of Golubria             Charms/Translocation         2
   b - Blink                          Translocation                2
   c - Portal Projectile              Translocation                3
   d - Warp Weapon                    Charms/Translocation         5
   e - Summon Forest                  Summoning/Translocation      5
Comestibles
 c - 11 bread rations
 q - 6 beef jerkies
 z - 2 slices of pizza
 E - 7 meat rations
 O - 7 fruits


   Skills:
 + Level 11.8 Fighting
 + Level 12.7 Axes
 + Level 1.5 Throwing
 * Level 14.9 Armour
 + Level 6.0 Dodging
 + Level 1.7 Stealth
 + Level 12.0 Shields
 + Level 6.1 Invocations


You had 14 spell levels left.
You didn't know any spells.

Dungeon Overview and Level Annotations

Branches:
Dungeon (14/15)            Temple (0/1) D:4            Lair (8/8) D:8
 Shoals (0/4) Lair:6       Spider (1/4) Lair:6        Slime (0/6) Lair:6
    Orc (2/2) D:10            Elf (2/3) Orc:2        Vaults (0/5) D:14

Altars:
Ashenzari
Cheibriados
Elyvilon
Fedhas
Makhleb
Okawaru
Qazlal
Sif Muna
Trog
Yredelemnul

Shops:
D:5 }   D:8 :   D:9 !   Orc:2 [?!=   Elf:1 *

Portals:
Hell: Lair:8
Trove: D:12 (give 5 potions of cure mutation)


Innate Abilities, Weirdness & Mutations

You have claws for hands.
You are mostly covered in rugged brown scales (AC +2, +5% HP).
You sometimes gain a little power by taking damage.
Your magical and physical power is enhanced at high health.
You are immune to rotting.
You possess an exceptional clarity of mind.
You are resistant to hostile enchantments.
You are somewhat resistant to further mutation.
You are robust (+10% HP).


Message History

The deep elf mage mumbles some strange words.
The deep elf mage blinks!
The cacodemon gestures next to the orange demon.
Some rock shatters into small pieces.
The deep elf high priest calls down the wrath of its god upon you.
The damnation unfurls!
The damnation engulfs you!
* * * LOW HITPOINT WARNING * * *
The damnation engulfs the soul eater.
The damnation engulfs the fire elemental.
You barely miss the fire elemental.
The fire elemental is almost destroyed.
You hit the soul eater but do no damage.
The soul eater is moderately wounded.
The deep elf archer seems to regain its courage.
The orc wizard mumbles some strange words.
The orc wizard blinks!
The deep elf demonologist gestures wildly while chanting.
The deep elf archer blinks!
You block the fire elemental's attack.
The soul eater draws from the surrounding life force!
You die...

#X##o'#''#++##
#.#8..eeeo..8#
#.#8..§.....8#
#.##.e#1E#oo##
#.#8.e3oEE.e8#
######.#8eE2e1E..8#
...##..##.2..§e2..###
.......#8.4§44E3e8#.###
.#######8${34E2E@8#...###
......######%E#####.....#
......##.DD#88#DD.#.....#
.......# ##########.....#
.......###............[.#
........##.....)........#
........##.##...........#
........##.##...........#
......[###............###


You could see 2 Brimstone Fiends, 2 cacodemons, 2 fire dragons, a green death, a
soul eater, 2 orc high priests, a shadow demon, 2 deep elf demonologists, 2
orange demons, 4 deep elf archers, a deep elf high priest, 5 earth elementals,
an ice devil, a water elemental, 3 deep elf magi, a smoke demon, 3 fire
elementals, a neqoxec, a red devil and 2 orcs.

Vanquished Creatures
  Aizul (Elf:1)
  Maud (D:13)
  Azrael (Orc:1)
  2 dire elephants (Lair:8)
  2 vault guards (D:14)
  An ogre mage (D:14)
  Harold (Lair:3)
  An ice dragon (Lair:5)
  2 centaur warriors (D:13)
  3 dancing weapons (Elf:1)
  4 death yaks (Lair:8)
  A queen ant (Lair:3)
  A sun demon (Lair:8)
  3 deep elf knights (Elf:1)
  2 orc high priests
  2 unseen horrors
  2 wizards
  5 hill giants
  Pikel (D:7)
  5 ugly things
  8 orc knights
  7 griffons
  6 deep elf magi (Elf:1)
  2 oklob plants
  5 orc sorcerers
  5 elephants (Lair:4)
  A manticore (D:12)
  8 black mambas
  A sixfirhy (Lair:8)
  Maurice (Orc:1)
  3 centaur zombies
  A smoke demon (Lair:8)
  7 orange demons (Lair:8)
  2 torpor snails
  8 rime drakes
  2 gargoyles
  19 spiny frogs
  The ghost of Snowbuddha the Covert, a novice OpAs (D:5)
  2 centaur skeletons (D:11)
  A demonic crawler (Lair:6)
  2 ice devils (Lair:8)
  11 komodo dragons
  10 trolls
  2 polar bears (Lair:7)
  12 blink frogs
  5 slime creatures (D:13)
  A redback (Spider:1)
  A water elemental (Elf:1)
  A shadow (D:13)
  3 wraiths
  2 tarantellas
  A wyvern (D:12)
  A human (D:14)
  41 yaks
  Grum (D:9)
  6 basilisks
  8 hippogriffs
  2 steam dragons
  4 fire elementals (Orc:1)
  A vampire mosquito (D:13)
  2 mottled dragons
  17 water moccasins
  13 soldier ants
  7 wargs
  4 hell hounds
  17 porcupines
  2 sky beasts
  22 orc warriors
  5 ice beasts
  5 phantoms
  2 slaves (D:7)
  2 black bears
  A wasp (D:14)
  4 ogres
  4 necrophages
  11 wolves
  12 centaurs
  19 crocodiles
  4 big kobolds
  Blork the orc (D:6)
  21 giant frogs
  A wyvern zombie (D:13)
  4 gnoll sergeants (D:9)
  A water moccasin zombie (Ossuary)
  A wyvern skeleton (D:14)
  7 scorpions
  13 killer bees
  9 wights
  2 electric eels
  2 howler monkeys (D:13)
  4 crimson imps
  A giant frog zombie (D:9)
  A quasit (D:8)
  13 hounds
  17 orc priests
  16 jellies
  19 orc wizards
  4 giant frog skeletons
  2 gnoll shamans (D:9)
  7 iguanas
  49 worker ants
  6 hell rats
  12 sheep
  2 big kobold zombies (Ossuary)
  A hound skeleton (D:4)
  2 mummies (Ossuary)
  Robin (D:4)
  27 gnolls (D:9)
  12 adders
  52 river rats
  A shadow imp (D:9)
  3 oozes
  5 adder zombies (Ossuary)
  4 worms
  5 giant geckos
  77 orcs
  7 bats
  12 giant cockroaches
  12 goblins
  20 hobgoblins
  12 jackals
  9 quokkas
  A giant gecko skeleton (D:4)
  7 giant newts
  2 gnoll zombies (Ossuary)
  4 hobgoblin zombies (Ossuary)
  19 kobolds
  6 kobold zombies (Ossuary)
  3 orc zombies (Ossuary)
  A quokka skeleton (D:5)
  6 rats
  2 bushes (Lair:1)
  A crawling corpse (Elf:1)
  5 fungi
  2 plants
935 creatures vanquished.

Vanquished Creatures (others)
  7 hydras
  2 centaur warriors
  An orc high priest (Orc:2)
  A deep elf mage (Elf:1)
  2 cyclopes
  A human (D:14)
  An orc warrior (D:14)
  A centaur (D:13)
  A worker ant (D:7)
  2 giant geckos (D:3)
  2 orcs
  A bat (D:3)
  A hobgoblin (D:3)
  A jackal (D:7)
  A giant newt (D:3)
  18 fungi
  9 plants
52 creatures vanquished.

Grand Total: 987 creatures vanquished

Notes
Turn   | Place    | Note
--------------------------------------------------------------
     0 | Abyss:1  | Gargoyl the Demonspawn Abyssal Knight began the quest for the Orb.
     0 | Abyss:1  | Reached XP level 1. HP: 18/18 MP: 2/2
    12 | Abyss:1  | Found a corrupted altar of Lugonu.
    40 | D:1      | Escaped the Abyss
    78 | D:1      | Reached * piety under Lugonu
    78 | D:1      | Gained mutation: You have sharp fingernails. [demonic ancestry]
    78 | D:1      | Reached XP level 2. HP: 19/24 MP: 3/3
    82 | D:1      | Reached skill level 1 in Dodging
   498 | D:1      | Gained mutation: You have very sharp fingernails. [demonic ancestry]
   498 | D:1      | Reached XP level 3. HP: 29/30 MP: 4/4
   702 | D:2      | Found a stormy altar of Qazlal.
   828 | D:2      | Reached skill level 2 in Armour
  1314 | D:2      | Reached XP level 4. HP: 37/37 MP: 6/6
  1414 | D:2      | Found a snail-covered altar of Cheibriados.
  1417 | D:2      | Found a shattered altar of Ashenzari.
  1420 | D:2      | Found a basalt altar of Yredelemnul.
  1433 | D:2      | Found a burning altar of Makhleb.
  1552 | D:2      | Reached ** piety under Lugonu
  1774 | D:3      | Found a white marble altar of Elyvilon.
  1895 | D:3      | Reached skill level 3 in Armour
  2037 | D:3      | Gained mutation: You are immune to rotting. [demonic ancestry]
  2037 | D:3      | Reached XP level 5. HP: 41/42 MP: 7/7
  2043 | D:3      | Found a deep blue altar of Sif Muna.
  2225 | D:3      | Reached *** piety under Lugonu
  2233 | D:3      | Found a faded altar to an unknown god.
  2859 | D:4      | Noticed Robin
  2866 | D:4      | Killed Robin
  2866 | D:4      | Gained mutation: You are partially covered in rugged brown scales (AC +1, +3% HP). [demonic ancestry]
  2866 | D:4      | Reached XP level 6. HP: 25/50 MP: 8/8
  3479 | D:4      | Found a staircase to the Ecumenical Temple.
  3601 | D:5      | Entered Level 5 of the Dungeon
  3635 | D:5      | Noticed an ice beast
  3639 | D:5      | Noticed Snowbuddha's ghost (novice OpAs)
  3652 | D:5      | Killed an ice beast
  3652 | D:5      | Reached skill level 4 in Armour
  3654 | D:5      | Killed Snowbuddha's ghost
  3654 | D:5      | Reached skill level 5 in Fighting
  3654 | D:5      | Gained mutation: You are mostly covered in rugged brown scales (AC +2, +5% HP). [demonic ancestry]
  3654 | D:5      | Reached XP level 7. HP: 41/58 MP: 9/9
  3876 | D:5      | Found a sand-covered staircase.
  3883 | Ossuary  | Entered an ossuary
  3997 | Ossuary  | Reached skill level 5 in Armour
  4057 | Ossuary  | Reached **** piety under Lugonu
  4241 | D:5      | Found Vaot's Gadget Emporium.
  4335 | D:5      | Found an iron altar of Okawaru.
  4454 | D:5      | Gained mutation: You sometimes gain a little power by taking damage. [demonic ancestry]
  4454 | D:5      | Reached XP level 8. HP: 66/66 MP: 10/10
  4696 | D:6      | Reached skill level 6 in Armour
  4757 | D:6      | HP: 3/67 [poisoned by an orc wizard]
  5053 | D:6      | Reached skill level 5 in Axes
  5268 | D:6      | Noticed Blork the orc
  5274 | D:6      | Killed Blork the orc
  5592 | D:7      | Reached skill level 7 in Armour
  5617 | D:7      | Reached skill level 1 in Shields
  5617 | D:7      | Reached XP level 9. HP: 56/72 MP: 11/11
  5689 | D:7      | Found a bloodstained altar of Trog.
  5708 | D:7      | Noticed Pikel
  5731 | D:7      | Killed Pikel
  6092 | D:7      | Reached ***** piety under Lugonu
  7020 | D:8      | Gained mutation: You are somewhat resistant to further mutation. [mutagenic meat]
  7024 | D:8      | Gained mutation: You have claws for hands. [mutagenic meat]
  7026 | D:8      | Gained mutation: You are robust (+10% HP). [mutagenic meat]
  7183 | D:8      | Found Bistrut's Book Shop.
  7190 | D:8      | Reached skill level 8 in Armour
  7422 | D:8      | Found a blossoming altar of Fedhas.
  7646 | D:8      | Reached skill level 1 in Stealth
  7771 | D:8      | Found a staircase to the Lair.
  7818 | D:9      | Found Saredwu's Distillery.
  8038 | D:9      | Gained mutation: Your magical and physical power is slightly enhanced at high health. [demonic ancestry]
  8038 | D:9      | Reached XP level 10. HP: 84/90 MP: 12/12
  8302 | D:9      | Reached skill level 9 in Armour
  8857 | D:9      | Reached ****** piety under Lugonu
  9124 | D:9      | Noticed Grum
  9133 | D:9      | Killed Grum
  9799 | D:10     | Entered Level 10 of the Dungeon
  9803 | D:10     | Found a staircase to the Orcish Mines.
  9950 | D:10     | Noticed a hill giant
  9967 | D:10     | Killed a hill giant
  9967 | D:10     | Reached skill level 10 in Armour
 10629 | Orc:1    | Entered Level 1 of the Orcish Mines
 10772 | Orc:1    | Noticed Maurice
 10796 | Orc:1    | Killed Maurice
 10796 | Orc:1    | Mutation became permanent: You have claws for hands. [demonic ancestry]
 10796 | Orc:1    | Reached XP level 11. HP: 95/98 MP: 13/13
 10937 | Orc:1    | Noticed an orc sorcerer
 10940 | Orc:1    | Paralysed by an orc sorcerer for 2 turns
 10948 | Orc:1    | Killed an orc sorcerer
 11080 | Orc:1    | Noticed an orc knight
 11094 | Orc:1    | Killed an orc knight
 11477 | Orc:2    | Entered Level 2 of the Orcish Mines
 11483 | Orc:2    | Noticed Azrael
 11483 | Orc:2    | Reached skill level 5 in Dodging
 11859 | Orc:1    | Killed Azrael
 12484 | Orc:1    | Reached skill level 11 in Armour
 12819 | Orc:2    | Found a staircase to the Elven Halls.
 12916 | Orc:2    | Reached skill level 5 in Shields
 13210 | Orc:2    | Noticed an orc sorcerer
 13210 | Orc:2    | Found Keynus's Antique Armour Shoppe.
 13211 | Orc:2    | Noticed an orc knight
 13211 | Orc:2    | Noticed an orc high priest
 13212 | Orc:2    | Noticed an orc sorcerer
 13212 | Orc:2    | Noticed an orc knight
 13216 | Orc:2    | Noticed an orc high priest
 13219 | Orc:2    | Noticed an orc high priest
 13222 | Orc:2    | Noticed an orc sorcerer
 13804 | Orc:2    | Killed an orc sorcerer
 13961 | Orc:2    | Noticed an orc knight
 13997 | Orc:1    | Killed an orc knight
 14187 | Orc:2    | Noticed an orc knight
 14211 | Orc:2    | Killed an orc knight
 14280 | Orc:2    | Noticed an orc sorcerer
 14287 | Orc:2    | Killed an orc sorcerer
 14367 | Orc:2    | Killed an orc knight
 14367 | Orc:2    | Reached XP level 12. HP: 70/108 MP: 14/14
 14650 | Orc:2    | Killed an orc high priest
 15313 | Orc:2    | Killed an orc high priest
 15566 | Orc:1    | Reached skill level 12 in Armour
 15572 | Orc:1    | Killed an orc high priest
 15784 | Orc:2    | Found Efree's Magic Scroll Shoppe.
 15788 | Orc:2    | Found Gehoschuxio's Jewellery Shop.
 15794 | Orc:2    | Found Agudduyrru's Distillery.
 15939 | Orc:2    | Bought the ring of Beosutiu {Str+4 Int+4 Dex+4} for 711 gold pieces
 16012 | Orc:2    | Bought a scroll of acquirement for 572 gold pieces
 16014 | Orc:2    | Got a crude plate armour
 16025 | Orc:2    | Identified the +5 plate armour of Qeil {rElec rC+ Str+4} (You acquired it on level 2 of the Orcish Mines)
 16176 | Lair:1   | Entered Level 1 of the Lair of Beasts
 17331 | Lair:2   | Reached skill level 1 in Throwing
 18829 | Lair:3   | Noticed an eight-headed hydra
 18830 | Lair:3   | Banished an eight-headed hydra
 18830 | Lair:3   | Reached XP level 13. HP: 118/118 MP: 15/15
 18903 | Lair:3   | Reached skill level 13 in Armour
 18918 | Lair:3   | Reached skill level 10 in Fighting
 19773 | Lair:3   | Noticed Harold
 19787 | Lair:3   | Killed Harold
 20170 | Lair:4   | Reached skill level 10 in Axes
 22477 | Lair:6   | Found a staircase to the Slime Pits.
 22593 | Lair:6   | Reached XP level 14. HP: 110/127 MP: 16/16
 22882 | Lair:6   | Found a staircase to the Shoals.
 22940 | Lair:6   | Found a hole to the Spider Nest.
 23155 | Lair:6   | Identified the Disquisition on Displacement
 24791 | Lair:8   | Entered Level 8 of the Lair of Beasts
 24882 | Lair:8   | Reached skill level 10 in Shields
 25066 | Lair:8   | Reached skill level 14 in Armour
 25096 | Lair:8   | Reached skill level 5 in Invocations
 25264 | Lair:8   | Found a burning altar of Makhleb.
 25969 | Lair:8   | Found a gateway to Hell.
 26007 | Lair:8   | Got a dazzling hat
 26011 | Lair:8   | Identified the +0 hat "Tel But" {rPois} (You found it on level 8 of the Lair of Beasts)
 27460 | D:11     | Gained mutation: Your magical and physical power is enhanced at high health. [demonic ancestry]
 27460 | D:11     | Reached XP level 15. HP: 136/136 MP: 19/19
 28447 | D:12     | Found a portal to a secret trove of treasure.
 28635 | D:13     | Noticed Maud
 28900 | D:13     | Gained mutation: You possess an exceptional clarity of mind. [mutagenic meat]
 28901 | D:13     | Gained mutation: You are resistant to hostile enchantments. [mutagenic meat]
 29059 | D:13     | Killed Maud
 29612 | D:13     | Got a crude lapis lazuli ring
 29615 | D:13     | Identified the ring of Leaves {Int+5 Stlth-} (You found it on level 13 of the Dungeon)
 30158 | D:14     | Found a gate to the Vaults.
 30843 | Spider:1 | Entered Level 1 of the Spider Nest
 31264 | Elf:1    | Entered Level 1 of the Elven Halls
 31355 | Elf:1    | Found Lynliula's Assorted Antiques.
 31379 | Elf:1    | Noticed Aizul
 31776 | Elf:1    | Killed Aizul
 32279 | Elf:1    | Got a faintly glowing copper ring
 32312 | Elf:1    | Noticed a Brimstone Fiend
 32327 | Elf:1    | Noticed a Brimstone Fiend
 32331 | Elf:1    | HP: 3/138 [deep elf high priest/damnation (12)]
 32332 | Elf:1    | Killed from afar by a soul eater

Skill      XL: |  1  2  3  4  5  6  7  8  9 10 11 12 13 14 15 |
---------------+----------------------------------------------+-----
Dodging        | 1 2 3 4 5 6 |  6.0
Axes           | 2 3 4 5 6 7 8 9 10 11 12 | 12.7
Armour         | 2 3 4 5 7 8 10 11 12 13 14 | 14.9
Fighting       | 4 5 6 7 8 9 10 11 | 11.8
Shields        | 1 2 4 5 7 9 10 12 | 12.0
Stealth        | 1 |  1.7
Throwing       | 1 |  1.5
Invocations    | 3 5 6 |  6.1

Action                   |  1- 3 |  4- 6 |  7- 9 | 10-12 | 13-15 || total
-------------------------+-------+-------+-------+-------+-------++-------
Melee: Hand axe          |    89 |   161 |   397 |   886 |  1496 ||  3029
       Broad axe         |       |       |       |       |    81 ||    81
Throw: Tomahawk          |       |       |       |    10 |     8 ||    18
Invok: Depart the Abyss  |     1 |       |       |       |       ||     1
       Banish            |       |       |       |       |    11 ||    11
       Bend Space        |       |       |       |       |     3 ||     3
Evoke: Wand              |       |       |       |       |     1 ||     1
  Use: Scroll            |       |     7 |    14 |    13 |    12 ||    46
       Potion            |       |       |     4 |    11 |    14 ||    29
  Eat: Chunk             |     1 |     7 |    22 |    21 |    27 ||    78
       Fruit             |       |       |       |    12 |       ||    12
       Royal jelly       |       |       |       |     1 |     3 ||     4
       Pizza             |       |       |       |     1 |     2 ||     3
       Meat ration       |       |       |       |       |     1 ||     1
       Bread ration      |       |       |       |       |     2 ||     2
Armor: Leather armour    |     7 |       |       |       |       ||     7
       Ring mail         |    10 |       |       |       |       ||    10
       Chain mail        |    33 |   143 |   238 |   214 |       ||   628
       Plate armour      |       |       |       |   313 |   686 ||   999
Dodge: Dodged            |    56 |    76 |   124 |   299 |   356 ||   911
Block: Buckler           |       |       |   100 |   314 |       ||   414
       Reflection        |       |       |     7 |    26 |    57 ||    90
       Shield            |       |       |       |   127 |  1168 ||  1295
